 Dungeon Crawl Stone Soup version 0.22.1-2-g9c5b331 (webtiles) character file.

2375 Gorald the Cleaver (level 9, 63/69 HPs)
             Began as a Formicid Fighter on Dec 19, 2018.
             Was an Initiate of Okawaru.
             Starved to death
             ... on level 7 of the Dungeon.
             The game lasted 00:40:20 (7172 turns).

Gorald the Cleaver (Formicid Fighter)               Turns: 7172, Time: 00:40:20

Health: 63/69      AC: 12    Str: 24    XL:     9   Next: 73%
Magic:  9/9        EV:  9    Int:  8    God:    Okawaru [......]
Gold:   354        SH: 11    Dex: 10    Spells: 8/8 levels left

rFire    + . .     SeeInvis +   m - +0 battleaxe (freeze)
rCold    + . .     Gourm    .   c - +0 shield
rNeg     + . .     Faith    .   h - +0 chain mail {rF+}
rPois    .         Spirit   .   (helmet unavailable)
rElec    .         Reflect  .   b - scarf {cloud immunity}
rCorr    .         Harm     .   l - +0 pair of gloves
MR       .....                  f - +0 pair of boots
Stlth    ..........             (no amulet)
HPRegen  0.21/turn              g - ring of positive energy
MPRegen  0.11/turn              j - ring of protection from cold

@: fainting
A: permanent stasis, dig shafts and tunnels, four strong arms, antennae 3
a: Dig, Shaft Self, Renounce Religion


You were on level 7 of the Dungeon.
You worshipped Okawaru.
Okawaru was noncommittal.
You were fainting.

You visited 2 branches of the dungeon, and saw 8 of its levels.

You collected 354 gold pieces.

Inventory:

Hand Weapons
 m - a +0 battleaxe of freezing (weapon)
Armour
 b - a scarf of cloud immunity (worn)
 c - a +0 shield (worn)
 f - a +0 pair of boots (worn)
 h - a +0 chain mail of fire resistance (worn)
 l - a +0 pair of gloves (worn)
 s - a +0 plate armour
Jewellery
 e - an uncursed ring of protection from fire
 g - a ring of positive energy (left hand)
 j - a ring of protection from cold (right hand)
Wands
 p - a wand of flame (14)
Scrolls
 n - a scroll of remove curse
 q - a scroll of immolation
 u - a scroll of random uselessness
 v - 2 scrolls of magic mapping
Potions
 d - 2 potions of might
 i - a potion of heal wounds
 k - a potion of agility
 o - 4 potions of curing
 r - a potion of brilliance
 t - a potion of flight


   Skills:
 + Level 5.8 Fighting
 + Level 8.2 Axes
 + Level 6.3 Armour
 + Level 2.4 Dodging
 + Level 1.0 Stealth
 + Level 8.0 Shields


You had 8 spell levels left.
You didn't know any spells.
Your spell library contained the following spells:

 Spells                   Type           Power        Failure   Level  Hunger
 Animate Skeleton         Necr           N/A          98%         1    ##.....
 Apportation              Tloc           #.....       98%         1    ##.....
 Confusing Touch          Hex            #.....       98%         1    ##.....
 Summon Small Mammal      Summ           #...         98%         1    ##.....
 Poisonous Vapours        Pois/Air       #.....       99%         2    ###....
 Conjure Flame            Conj/Fire      #.......     100%        3    ####...
 Mephitic Cloud           Conj/Pois/Air  #.......     100%        3    ####...
 Freezing Cloud           Conj/Ice/Air   #.........   100%        6    #######
 Ring of Flames           Chrm/Fire      #.........   100%        7    #######


Dungeon Overview and Level Annotations

Branches:
Dungeon (7/15)             Temple (1/1) D:4

Altars:
Ashenzari
Cheibriados
Dithmenos
Elyvilon
Fedhas
Gozag
Hepliaklqana
Kikubaaqudgha
Makhleb
Nemelex Xobeh
Okawaru
Qazlal
Ru
Sif Muna
Trog
Uskayaw
Vehumet
Wu Jian
Xom
Yredelemnul
Zin
The Shining One


Innate Abilities, Weirdness & Mutations

You cannot be hasted, slowed, berserked, paralysed or teleported.
You can dig through walls and to a lower floor.
Your four strong arms can wield two-handed weapons with a shield.
You have a pair of large antennae on your head. (SInv)


Message History

The hungry ghost is moderately damaged.
The hungry ghost hits you.
You feel slightly more hungry. The hungry ghost hits you.
You feel slightly more hungry.
You slash the hungry ghost!
The hungry ghost is heavily damaged.
The hungry ghost barely misses you.
You miss the hungry ghost.
The hungry ghost is heavily damaged.
The hungry ghost hits you.
You feel slightly more hungry.
You completely miss the hungry ghost.
The hungry ghost is heavily damaged.
The hungry ghost hits you.
You feel slightly more hungry. The hungry ghost hits you.
You feel slightly more hungry.
You closely miss the hungry ghost.
The hungry ghost is heavily damaged.
You block the hungry ghost's attack.
You miss the hungry ghost.
The hungry ghost is heavily damaged.
You have starved to death.
You die...

##########...
#...<....#..#
#.....##.#..### #
#.....##.#..#.. .
#....)#.......#.#
#........#..#.#.#
##...))..#.W....#
#(##.#.#.@##.#
..............#
###.#.##.#.###.#
#.#. #..... .#
.......#.#####
##.##.#.# #.
....# ## ##


You could see a hungry ghost.

Vanquished Creatures
  A cyclops (D:5)
  Grinder (D:4)
  Sigmund (D:2)
  Menkaure (D:7)
  Edmund (D:4)
  An orc warrior (D:7)
  An ogre (D:5)
  A big kobold (D:5)
  Blork the orc (D:4)
  2 electric eels (D:6)
  A crimson imp (D:5)
  2 quasits (D:6)
  2 hounds
  3 orc priests
  9 orc wizards
  2 iguanas
  3 worker ants
  2 hound zombies
  10 gnolls
  14 adders
  A shadow imp (D:7)
  3 worms
  3 dart slugs
  9 leopard geckos
  30 orcs
  2 ball pythons
  5 giant cockroaches
  7 goblins
  9 hobgoblins
  2 jackals (D:2)
  3 quokkas
  11 bats
  4 frilled lizards
  6 kobolds
  A leopard gecko zombie (D:6)
  7 rats
162 creatures vanquished.

Vanquished Creatures (others)
  A worker ant (D:6)
1 creature vanquished.

Grand Total: 163 creatures vanquished

Notes
Turn   | Place    | Note
-------+----------+-------------------------------------------
     0 | D:1      | Gorald the Formicid Fighter began the quest for the Orb.
     0 | D:1      | Reached XP level 1. HP: 18/18 MP: 1/1
    30 | D:1      | Reached XP level 2. HP: 18/24 MP: 2/2
   387 | D:1      | Reached XP level 3. HP: 29/29 MP: 3/3
   969 | D:2      | Reached XP level 4. HP: 14/35 MP: 4/4
  1330 | D:2      | Noticed Sigmund
  1351 | D:2      | Killed Sigmund
  1351 | D:2      | Reached skill level 1 in Dodging
  1351 | D:2      | Reached XP level 5. HP: 28/42 MP: 5/5
  1351 | D:2      | Reached XP level 6. HP: 32/48 MP: 6/6
  1506 | D:2      | Found a faded altar of an unknown god.
  2145 | D:3      | Reached skill level 5 in Shields
  2260 | D:3      | Reached XP level 7. HP: 51/54 MP: 7/7
  2681 | D:4      | Noticed Edmund
  2697 | D:4      | Killed Edmund
  2697 | D:4      | Reached skill level 5 in Axes
  2712 | D:4      | Found a staircase to the Ecumenical Temple.
  2893 | D:4      | Noticed Blork the orc
  2906 | D:4      | Killed Blork the orc
  2906 | D:4      | Noticed Grinder
  2924 | D:4      | Killed Grinder
  2924 | D:4      | Reached XP level 8. HP: 43/61 MP: 8/8
  3218 | D:5      | Entered Level 5 of the Dungeon
  3798 | D:5      | Reached skill level 5 in Fighting
  4130 | D:5      | Reached skill level 5 in Armour
  4660 | D:6      | Reached skill level 1 in Stealth
  4714 | D:6      | Found a hazy altar of Hepliaklqana.
  4836 | D:6      | Noticed a cyclops
  4863 | D:5      | HP: 3/62 [poisoned by a worker ant]
  5275 | D:5      | Reached XP level 9. HP: 33/68 MP: 9/9
  5517 | D:5      | Killed a cyclops
  6626 | D:7      | Noticed Menkaure
  6631 | D:7      | Killed Menkaure
  6964 | Temple   | Entered the Ecumenical Temple
  7071 | Temple   | Became a worshipper of Warmaster Okawaru
  7172 | D:7      | Starved to death

Skill      XL: |  1  2  3  4  5  6  7  8  9 |
---------------+----------------------------+-----
Armour         | 4 5 6 |  6.3
Shields        | 4 5 6 7 8 |  8.0
Axes           | 4 6 7 8 |  8.2
Dodging        | 1 2 |  2.4
Fighting       | 4 5 |  5.8
Stealth        | 1 |  1.0

Action                   |  1- 3 |  4- 6 |  7- 9 || total
-------------------------+-------+-------+-------++-------
Melee: War axe           |    99 |   175 |   120 ||   394
       Battleaxe         |       |       |   276 ||   276
 Abil: Dig               |       |       |     3 ||     3
  Use: Scroll            |     2 |     3 |    10 ||    15
       Potion            |     1 |     2 |     5 ||     8
  Eat: Ration            |       |     2 |     5 ||     7
Armor: Scale mail        |    55 |    42 |       ||    97
       Chain mail        |       |    32 |   222 ||   254
Dodge: Dodged            |    40 |    65 |   146 ||   251
Block: Shield            |    79 |    99 |   278 ||   456
